 Dungeon Sprint DCSS version 0.27-a0-550-ge92ec0ca06 (webtiles) character file.

Game seed: 11176098978057132767

10 rocky1 the Digger (level 2, -1/17 HPs)
             Began as an Octopode Earth Elementalist on Mar 8, 2021.
             Was an Initiate of Sif Muna.
             Slain by a jackal (2 damage)
             ... in the Dungeon (Sprint VII: "The Pits").
             The game lasted 00:00:42 (193 turns).

rocky1 the Digger (Octopode Earth Elementalist)      Turns: 193, Time: 00:00:42

Health: -1/17      AC:  1    Str:  7    XL:     2   Next: 20%
Magic:  4/5        EV: 13    Int: 17    God:    Sif Muna [......]
Gold:   0          SH:  0    Dex: 12    Spells: 4/5 levels left

rFire    . . .     SeeInvis .   k - +2 quarterstaff
rCold    . . .     Faith    .   (shield currently unavailable)
rNeg     . . .     Spirit   .   (helmet restricted)
rPois    .         Reflect  .   (no amulet)
rElec    .         Harm     .   (no ring)
rCorr    .         Rampage  .   (no ring)
Will     .....     NoTele   +   (no ring)
Stlth    +++.......             (no ring)
HPRegen  0.05/turn              (no ring)
MPRegen  0.09/turn              (no ring)
                                (no ring)
                                (no ring)

@: no status effects
A: almost no armour, amphibious, 8 rings, constrict 8, camouflage 1, gelatinous
body 1, nimble swimmer 1
a: Renounce Religion


You were in the Dungeon.
You worshipped Sif Muna.
Sif Muna was noncommittal.
You visited 1 branch

Inventory:

Hand Weapons
 k - a +2 quarterstaff (weapon)
Missiles
 b - 36 stones
Scrolls
 h - a scroll of blinking
 i - 5 scrolls of amnesia
 j - a scroll of summoning
Potions
 a - 2 potions of berserk rage
 c - a potion of curing
 e - a potion of haste
 f - 4 potions of magic
 g - 2 potions of invisibility


   Skills:
 - Level 2.0 Dodging
 - Level 2.6 Stealth
 - Level 2.0 Spellcasting
 - Level 1.0 Transmutations
 + Level 5.2 Earth Magic


You had 4 spell levels left.
You knew the following spells:

 Your Spells              Type           Power      Damage    Failure   Level
a - Sandblast             Erth           38%        2d10      2%          1

Your spell library contained the following spells:

 Spells                   Type           Power      Damage    Failure   Level
 Passwall                 Tmut/Erth      10%        N/A       9%          2
 Stone Arrow              Conj/Erth      20%        3d8       21%         3
 Petrify                  Tmut/Erth      12%        N/A       47%         4
 Lee's Rapid Deconstruct  Erth           9%         3d8*      52%         5


Dungeon Overview and Level Annotations

Branches:
Dungeon (1/1)

Altars:
Ashenzari
Cheibriados
Dithmenos
Elyvilon
Fedhas
Gozag
Hepliaklqana
Kikubaaqudgha
Makhleb
Nemelex Xobeh
Okawaru
Qazlal
Ru
Sif Muna
Trog
Uskayaw
Vehumet
Wu Jian
Xom
Yredelemnul
Zin
The Shining One
Beogh
Jiyva
Lugonu


Innate Abilities, Weirdness & Mutations

You cannot wear most types of armour.
You are amphibious.
You can wear up to eight rings at the same time.
You can use your tentacles to constrict eight enemies at once.
Your skin changes colour to match your surroundings (Stealth+).
Your rubbery body absorbs attacks. (AC +1, EV +1)
You are stealthy while swimming. (Stealth+)


Message History

There is an open door to the Temple (Safe) here.
Found three altars.
Found three altars.
There is a shimmering blue altar of Sif Muna here.
You curl up in front of the altar of Sif Muna.
Sif Muna welcomes you!
Unknown command.
Press < or > to pray at altars.
There is an open door to the Temple (Safe) here.
There is an open door here.
Things that are here:
a +2 quarterstaff; a +2 trident
k - a +2 quarterstaff
k - a +2 quarterstaff (weapon)
Unknown command.
There is an open door here.
You open the door. 2 jackals and a gnoll come into view.
Casting: Sandblast (safe; 2% risk of failure)
Confirm with . or Enter, or press ? or * to list all spells.
Aiming: Sandblast (safe; 2% risk of failure)
Press: ? - help, Shift-Dir - straight line, f - gnoll
Aim: a gnoll, wielding a +0 halberd (asleep, 0% to evade)
The blast of sand hits the gnoll!
The gnoll is heavily wounded.
The gnoll shouts!
The jackal barks! x2
The gnoll barely misses you.
You hit the jackal.
You kill the jackal!
Sif Muna accepts your kill. The jackal bites you.
The gnoll hits you from afar with a +0 halberd!
Ouch! That really hurt!
* * * LOW HITPOINT WARNING * * *
You feel much better. The jackal bites you.
The gnoll hits you from afar with a +0 halberd!
Ouch! That really hurt!
* * * LOW HITPOINT WARNING * * *
The jackal bites you.
You die...

########### _________.#
_________.#
_______...###########++
##########'##...........
#.?..')))'.##......#..#.
##########.##...........
#......@....'...........
#+#####h#####......#..#.
g.. #........... #...#
####'#####++ #####
#.......# #.......#
#.......# #...<...#
#.......#


You could see a gnoll and a jackal.

Vanquished Creatures
  A river rat (D)
  A jackal (D)
2 creatures vanquished.

Notes
Turn   | Place    | Note
-------+----------+-------------------------------------------
     0 | D        | rocky1 the Octopode Earth Elementalist began the quest for
                  | the Orb.
     0 | D        | Reached XP level 1. HP: 11/11 MP: 3/3
    18 | D        | Reached skill level 5 in Earth Magic
    18 | D        | Reached XP level 2. HP: 17/17 MP: 0/5
   167 | D        | Found a bloodstained altar of Trog.
   167 | D        | Found a shimmering blue altar of Sif Muna.
   167 | D        | Found a viscous altar of Jiyva.
   167 | D        | Found a hazy altar of Hepliaklqana.
   167 | D        | Found an opulent altar of Gozag.
   168 | D        | Found a glowing golden altar of the Shining One.
   168 | D        | Found a glowing silver altar of Zin.
   168 | D        | Found a basalt altar of Yredelemnul.
   168 | D        | Found a shimmering altar of Xom.
   168 | D        | Found an ornate altar of the Wu Jian Council.
   168 | D        | Found a sacrificial altar of Ru.
   168 | D        | Found a stormy altar of Qazlal.
   168 | D        | Found an iron altar of Okawaru.
   168 | D        | Found a sparkling altar of Nemelex Xobeh.
   168 | D        | Found a burning altar of Makhleb.
   168 | D        | Found a blossoming altar of Fedhas.
   168 | D        | Found a white marble altar of Elyvilon.
   168 | D        | Found a shadowy altar of Dithmenos.
   168 | D        | Found a snail-covered altar of Cheibriados.
   170 | D        | Found a radiant altar of Vehumet.
   170 | D        | Found a corrupted altar of Lugonu.
   171 | D        | Found a hide-covered altar of Uskayaw.
   171 | D        | Found an ancient bone altar of Kikubaaqudgha.
   171 | D        | Found a broken altar of Ashenzari.
   173 | D        | Became a worshipper of Sif Muna the Loreminder
   193 | D        | Slain by a jackal

Illustrated notes

Levels and vault maps discovered:
D:        pitsprint [storerooms_1, entrance_room_1, metal_vault_2, armoury_1,
          mini_pit_1, grid_room_1, main_hall_1, silver_pit, the_coven_2,
          the_vestibule_1, steel_vault_4, golden_pit, hallway_of_sentries,
          crystal_vault_5, iron_vault_3, final_vault]

Skill      XL: |  1 |
---------------+----+-----
Earth Magic    | 5 |  5.2
Dodging        | |  2.0
Stealth        | |  2.6
Spellcasting   | |  2.0
Transmutations | |  1.0

Action                   || total
-------------------------++-------
Melee: Unarmed           ||     2
       Constrict         ||     1
       Quarterstaff      ||     1
 Cast: Sandblast         ||     4
  Use: Potion            ||     2
Dodge: Dodged            ||     3

Table legend: (Time is in decaauts)
 A = Elapsed time spent in this place.
 B = Non-inter-level travel time spent in this place.
 C = Inter-level travel time spent in this place.
 D = Time resting spent in this place.
 E = Time spent auto-exploring this place.
 F = Levels seen in this place.
 G = Mean time per level.
                   A        B        C        D        E       F      G
               +--------+--------+--------+--------+--------+-----+--------+
         Total |    202 |    202 |      0 |    133 |      0 |   1 |  202.0 |
       Dungeon |    202 |    202 |      0 |    133 |      0 |   1 |  202.0 |
               +--------+--------+--------+--------+--------+-----+--------+

Top non-repeatable levels by time:
       D: 202 daAuts
